 Dungeon Crawl Stone Soup version 0.25.1-2-g60ff931df9 (webtiles) character file.

Game seed: 1300840113565390546

786404 Whomstve the Petrodigitator (level 27, -6/179 HPs)
             Began as a Gargoyle Earth Elementalist on Aug 7, 2020.
             Was the Champion of Vehumet.
             Killed from afar by a storm dragon (8 damage)
             ... with a bolt of lightning
             ... on level 5 of the Realm of Zot on Aug 9, 2020.
             The game lasted 11:48:37 (91286 turns).

Whomstve the Petrodigitator (GrEE)                 Turns: 91286, Time: 11:48:37

Health: -6/179     AC: 56    Str: 11 (13) XL:     27
Magic:  7/49       EV:  7    Int: 34 (35) God:    Vehumet [******]
Gold:   3721       SH: 34    Dex: 11 (13) Spells: 5/70 levels left

rFire    + + +     SeeInvis .   t - staff of earth
rCold    + + .     Gourm    .   H - +18 shield of the Gong {rElec rN+ MR+ EV-5}
rNeg     + + +     Faith    .   e - +8 fire dragon scales
rPois    ∞         Spirit   .   M - +2 helmet {Int+3}
rElec    +         Reflect  .   l - scarf {rC+ rF+}
rCorr    +         Harm     .   x - +1 pair of gloves "Sevvot" {MR+ Dex+5}
MR       +++++                  y - +2 pair of boots {run}
Stlth    +.........             L - amulet "Girch" {RegenMP MR+}
HPRegen  0.00/turn              g - ring "Puruc" {rC++ Stlth+}
MPRegen  0.56/turn              r - ring of Compulsion {rF+ rN+ rCorr Int+4 Stlth-}

@: about to teleport, flying, slowed, constricted, very slow
A: big wings, icy blue scales 1, blink, blurry vision 1, clumsy 1, negative
energy resistance 1, screaming 2, shaggy fur 1, electricity resistance,
inhibited regeneration, unbreathing, petrification resistance, rot immunity,
sturdy frame 1, AC +20
}: 5/15 runes: decaying, serpentine, slimy, silver, golden
a: Stop Flying, Blink, Renounce Religion


You were on level 5 of the Realm of Zot.
You worshipped Vehumet.
Vehumet was exalted by your worship.
You were not hungry.

You visited 13 branches of the dungeon, and saw 61 of its levels.
You visited 1 bazaar.
You also visited: Gauntlet.

You collected 12283 gold pieces.
You spent 8562 gold pieces at shops.

Inventory:

Missiles
 b - 1131 stones (quivered)
Armour
 e - +8 fire dragon scales (worn)
 l - a scarf of resistance (worn)
 x - the +1 pair of gloves "Sevvot" (worn) {MR+ Dex+5}
   (You found it on level 1 of the Tomb of the Ancients)

   It affects your dexterity (+5).
   It affects your resistance to hostile enchantments.
 y - a +2 pair of boots of running (worn)
 H - the +18 shield of the Gong (worn) {rElec rN+ MR+ EV-5}
   (You acquired it on level 1 of the Tomb of the Ancients)

   It affects your evasion (-5).
   It insulates you from electricity.
   It protects you from negative energy.
   It affects your resistance to hostile enchantments.
 M - a +2 helmet of intelligence (worn)
Magical Staves
 t - an uncursed staff of earth (weapon)
Jewellery
 g - the ring "Puruc" (left hand) {rC++ Stlth+}
   (You bought it in a shop on level 2 of the Orcish Mines)

   [ring of stealth]

   It greatly protects you from cold.
   It makes you more stealthy.
 r - the ring of Compulsion (right hand) {rF+ rN+ rCorr Int+4 Stlth-}
   (You found it in a Gauntlet)

   [ring of resist corrosion]

   It affects your intelligence (+4).
   It protects you from fire.
   It protects you from negative energy.
   It provides partial protection from all sources of acid and corrosion.
   It makes you less stealthy.
 A - the ring "Siux" {rN+ MR++ Str+5 Int+6 Slay+2}
   (You acquired it on level 1 of the Swamp)

   [ring of intelligence]

   It affects your strength (+5).
   It affects your intelligence (+6).
   It affects your accuracy and damage with ranged weapons and melee attacks
   (+2).
   It protects you from negative energy.
   It affects your resistance to hostile enchantments.
 E - the amulet of Vitality {Regen+ HP+15}
   (You bought it in a shop on level 2 of the Orcish Mines)

   [amulet of regeneration]

   It affects your health (+15).
   It increases your rate of regeneration.
 F - the amulet of the Four Winds {rN+ MR+++ Clar}
   (You found it on level 3 of the Tomb of the Ancients)

   [amulet of nothing]

   It protects you from negative energy.
   It affects your resistance to hostile enchantments.
   It protects you against confusion.
 I - the ring "Gaunuim" {rN+ MR+ Dex+3 SInv}
   (You found it on level 3 of the Crypt)

   [ring of positive energy]

   It affects your dexterity (+3).
   It protects you from negative energy.
   It affects your resistance to hostile enchantments.
   It lets you see invisible.
 K - the ring of Spite {+Fly rC+ Int+3}
   (You found it on level 1 of the Snake Pit)

   [ring of flight]

   It affects your intelligence (+3).
   It protects you from cold.
   It lets you fly.
 L - the amulet "Girch" (around neck) {RegenMP MR+}
   (You took it off an orc warlord on level 5 of the Vaults)

   [amulet of magic regeneration]

   It increases your magic regeneration.
   It affects your resistance to hostile enchantments.
 O - an uncursed ring of see invisible
 P - the amulet "Gyumogeg" {Reflect +Inv rPois MR+ SH+5}
   (You found it on level 3 of the Tomb of the Ancients)

   [amulet of reflection]

   It shields you and reflects attacks.
   It protects you from poison.
   It affects your resistance to hostile enchantments.
   It lets you turn invisible.
   It affects your SH (+5).
 S - an uncursed ring of stealth
 X - a +4 ring of protection
Wands
 u - a wand of digging (20)
Scrolls
 c - 14 scrolls of teleportation
 i - 2 scrolls of torment
 j - 19 scrolls of remove curse
 o - 13 scrolls of immolation
 q - 8 scrolls of blinking
 s - 9 scrolls of magic mapping
 v - 22 scrolls of identify
 C - 14 scrolls of amnesia
 D - 3 scrolls of silence
 G - a scroll of summoning
 N - 9 scrolls of fear
 T - a scroll of acquirement
 U - a scroll of holy word
 V - 4 scrolls of vulnerability
 W - 3 scrolls of fog
 Y - 2 scrolls of enchant armour
Potions
 a - 6 potions of cancellation
 f - 9 potions of mutation
 h - 12 potions of brilliance
 k - 18 potions of curing
 m - 5 potions of resistance
 n - 7 potions of haste
 p - a potion of might
 B - 3 potions of magic
 J - 3 potions of heal wounds
 Q - 5 potions of ambrosia
Miscellaneous
 w - a phial of floods
 z - a figurine of a ziggurat
 R - 10 phantom mirrors
Comestibles
 d - 48 rations


   Skills:
 + Level 19.8 Fighting
 - Level 12.0 Staves
 + Level 18.1 Armour
 * Level 12.8 Dodging
 - Level 2.1 Stealth
 - Level 25.2 Shields
 * Level 22.2 Spellcasting
 - Level 10.4 Conjurations
 - Level 9.0 Summonings
 - Level 5.0 Necromancy
 - Level 3.0 Translocations
 - Level 0.7 Transmutations
 * Level 16.7 Fire Magic
 O Level 27 Earth Magic


You had 5 spell levels left.
You knew the following spells:

 Your Spells              Type           Power        Failure   Level  Hunger
a - Sandblast             Erth           ######       0%          1    None
b - Animate Dead          Necr           N/A          2%          4    None
c - Lee's Rapid Deconstr  Erth           ########..   0%          5    None
d - Blink                 Tloc           N/A          1%          2    None
e - Passwall              Tmut/Erth      ########     0%          2    None
g - Apportation           Tloc           ######       1%          1    None
h - Iron Shot             Conj/Erth      ########..   1%          6    None
i - Shatter               Erth           ########..   1%          9    #####..
j - Bolt of Magma         Conj/Fire/Erth ########..   1%          5    None
k - Summon Butterflies    Summ           #######.     1%          1    None
l - Lehudib's Crystal Sp  Conj/Erth      ########..   1%          8    ###....
m - Borgnjor's Vile Clut  Necr/Erth      ########..   1%          5    None
n - Ignition              Fire           ########..   3%          8    ###....
o - Gell's Gravitas       Tloc           ######....   1%          3    None
p - Aura of Abjuration    Summ           #######...   1%          5    None

Your spell library contained the following spells:

 Spells                   Type           Power        Failure   Level  Hunger
 Fire Storm               Conj/Fire      #######...   83%         9    #####..
 Absolute Zero            Ice            #####.....   100%        9    #####..
 Foxfire                  Conj/Fire      ####         0%          1    None
 Conjure Flame            Conj/Fire      #######.     0%          3    None
 Stone Arrow              Conj/Erth      ######       0%          3    None
 Animate Skeleton         Necr           N/A          1%          1    None
 Corona                   Hex            #####..      1%          1    None
 Freeze                   Ice            ####         1%          1    None
 Magic Dart               Conj           ####         1%          1    None
 Pain                     Necr           ####         1%          1    None
 Shock                    Conj/Air       ####         1%          1    None
 Sting                    Tmut/Pois      ####         1%          1    None
 Summon Small Mammal      Summ           ####         1%          1    None
 Call Imp                 Summ           #######.     1%          2    None
 Corpse Rot               Necr/Air       N/A          1%          2    None
 Searing Ray              Conj           ######       1%          2    None
 Dazzling Flash           Conj/Hex       ######       1%          3    None
 Frozen Ramparts          Ice            #####.       1%          3    None
 Ignite Poison            Fire/Tmut/Pois ######..     1%          3    None
 Inner Flame              Hex/Fire       #######.     1%          3    None
 Lesser Beckoning         Tloc           ######....   1%          3    None
 Mephitic Cloud           Conj/Pois/Air  ######..     1%          3    None
 Recall                   Summ/Tloc      N/A          1%          3    None
 Static Discharge         Conj/Air       ######..     1%          3    None
 Teleport Other           Tloc           ######..     1%          3    None
 Fulminant Prism          Conj/Hex       ######....   1%          4    None
 Hailstorm                Conj/Ice       ######..     1%          4    None
 Iskenderun's Mystic Bla  Conj/Tloc      ######..     1%          4    None
 Leda's Liquefaction      Hex/Erth       ########..   1%          4    None
 Petrify                  Tmut/Erth      ########     1%          4    None
 Sticky Flame             Conj/Fire      #######.     1%          4    None
 Fireball                 Conj/Fire      #######...   1%          5    None
 Iskenderun's Battlesphe  Conj/Chrm      ######..     1%          5    None
 Lightning Bolt           Conj/Air       ######....   1%          5    None
 Summon Demon             Summ           #######...   1%          5    None
 Ensorcelled Hibernation  Hex/Ice        #####.       2%          2    None
 Poisonous Vapours        Pois/Air       #####.       2%          2    None
 Slow                     Hex            #####...     2%          2    None
 Song of Slaying          Chrm           #####...     2%          2    None
 Dispel Undead            Necr           ######..     2%          4    None
 Portal Projectile        Hex/Tloc       #####.       3%          3    None
 Summon Ice Beast         Ice/Summ       ######..     3%          4    None
 Summon Lightning Spire   Summ/Air       ######..     3%          4    None
 Summon Forest            Summ/Tloc      ######....   4%          5    None
 Confusing Touch          Hex            #####...     5%          3    None
 Ozocubu's Armour         Chrm/Ice       #####...     5%          3    None
 Tukima's Dance           Hex            #####...     5%          3    None
 Olgreb's Toxic Radiance  Pois           #####...     5%          4    None
 Agony                    Necr           ######..     7%          5    None
 Summon Mana Viper        Hex/Summ       ######..     9%          5    None
 Yara's Violent Unravell  Hex/Tmut       #####.....   12%         5    None
 Ice Form                 Ice/Tmut       #####...     16%         4    None
 Cause Fear               Hex            #####.....   19%         4    None
 Excruciating Wounds      Chrm/Necr      ######....   19%         5    None
 Alistair's Intoxication  Tmut/Pois      #####...     41%         5    None
 Metabolic Englaciation   Hex/Ice        #####.....   45%         5    None
 Silence                  Hex/Air        #####.....   45%         5    None
 Starburst                Conj/Fire      #######...   1%          6    None
 Orb of Destruction       Conj           #######...   6%          7    None
 Shadow Creatures         Summ           N/A          7%          6    None
 Spellforged Servitor     Conj/Summ      #######...   8%          7    None
 Conjure Ball Lightning   Conj/Air       ######....   9%          6    None
 Freezing Cloud           Conj/Ice/Air   ######....   17%         6    None
 Death Channel            Necr           ######....   36%         6    None
 Summon Hydra             Summ           #######...   36%         7    None
 Ring of Flames           Chrm/Fire      #######...   45%         7    None
 Ozocubu's Refrigeration  Ice            #####.....   54%         6    None
 Dispersal                Tloc           ######....   63%         6    None
 Simulacrum               Ice/Necr       ######....   71%         6    None
 Hydra Form               Tmut           #####.....   91%         6    None
 Eringya's Noxious Bog    Tmut/Pois      #####.....   94%         6    None
 Darkness                 Hex            #####.....   96%         6    None
 Invisibility             Hex            #####...     96%         6    None
 Controlled Blink         Tloc           N/A          100%        8    ###....
 Discord                  Hex            #####.....   100%        8    ###....
 Disjunction              Tloc           ######....   100%        8    ###....
 Tornado                  Air            #####.....   100%        9    #####..
 Sublimation of Blood     Necr           Unusable     N/A         2    N/A

Dungeon Overview and Level Annotations

Branches:
Dungeon (15/15)            Temple (1/1) D:4            Lair (6/6) D:10
  Swamp (4/4) Lair:4        Snake (4/4) Lair:2        Slime (5/5) Lair:6
    Orc (2/2) D:12            Elf (3/3) Orc:2        Vaults (5/5) D:13
  Crypt (3/3) Vaults:3       Tomb (3/3) Crypt:3      Depths (5/5) D:15
    Zot (5/5) Depths:5    Gauntlet (visited)

Altars:
Ashenzari
Cheibriados
Dithmenos
Elyvilon
Fedhas
Gozag
Hepliaklqana
Kikubaaqudgha
Makhleb
Nemelex Xobeh
Okawaru
Qazlal
Ru
Sif Muna
Trog
Uskayaw
Vehumet
Wu Jian
Xom
Yredelemnul
Zin
The Shining One
Beogh
Jiyva
Lugonu

Shops:
D:7 *   D:10 [![!(   Orc:2 !!}=:   Elf:2 *[((   Snake:1 (   Snake:4 [
Vaults:4 =(   Crypt:3 *   Depths:1 =}=

Portals:
Hell: Depths:1 Depths:2 Depths:3 Depths:4 Depths:5
Abyss: Depths:1 Depths:3 Depths:4
Pandemonium: Depths:3
Ziggurat: Depths:4

Annotations:
Crypt:1 1 runed translucent door
Zot:1 1 transporter


Innate Abilities, Weirdness & Mutations

You are resistant to torment.
Your stone body is resilient. (AC +20)
You are immune to poison.
Your large and strong wings let you fly indefinitely.
You resist negative energy. (rN+)
You are resistant to electric shocks. (rElec)
You can survive without breathing.
You are immune to petrification.
You are immune to rotting.
You are partially covered in icy blue scales. (AC +2)
You can translocate small distances at will.
Scrolls take you a little longer to read.
You are clumsy. (Dex -2)
You sometimes yell uncontrollably at your foes.
You are covered in fur. (AC +1)
You do not regenerate when monsters are visible.
Your movements are slightly less encumbered by armour. (ER -2)


Message History

The death cob hits you but does no damage.
You hear a shout!
You hear a deafening roar!
You begin reading the scroll.
You continue reading the scroll.
The death cob hits you but does no damage.
The death cob barely misses you.
The storm dragon bites you but does no damage.
You block the storm dragon's attack.
PANG!
You block the storm dragon's attack.
SHROANNG!
The tentacled monstrosity tentacle-slaps you but does no damage.
The tentacled monstrosity tentacle-slaps you!
* * * LOW HITPOINT WARNING * * *
The tentacled monstrosity tentacle-slaps you but does no damage.
The tentacled monstrosity constricts you.
The storm dragon breathes lightning at you.
The bolt of lightning hits you. You resist.
* * * LOW HITPOINT WARNING * * *
The bolt of lightning hits you! You resist.
You die...

...?.............▓
.%...............▓
§........8......▓*
...............▓▓
..............▓▓
..........^.b..▓▓
............b.)D▓▓
.........!.....DD▓
,,..........D.§z@▓
,,,............X▓▓
,,,,..........^▓▓
,,,,,.......▓▓▓▓
******▓▓▓▓▓▓*


You could see an electric golem, a shadow dragon, a tentacled monstrosity, a
golden dragon, 2 storm dragons and a death cob.

Vanquished Creatures
  the Royal Jelly (Slime:5)
  An orb of fire (Zot:5)
  4 ancient liches
  Mennas (Depths:3)
  The ghost of Flapstick the Slayer, a legendary HaBe of Trog (Zot:1)
  Sojobo (Depths:3)
  12 greater mummies
  Margery (Vaults:5)
  Bai Suzhen (Snake:2)
  3 Killer Klowns (Zot:5)
  Vashnia (Snake:3)
  Xtahua (Vaults:5)
  5 curse toes
  A profane servitor (Crypt:3)
  17 golden dragons
  The ghost of Hiodipn the Devastator, a veteran GrEE of Lugonu (Crypt:1)
  A bone dragon (Depths:4)
  The ghost of Kucw the Warrior, an adept GrFi of Cheibriados (Crypt:1)
  The ghost of Sagai the Warrior, an adept GrFi of Cheibriados (Crypt:3)
  2 electric golems
  5 Orb Guardians (Zot:5)
  11 liches
  21 tentacled monstrosities
  The ghost of Gygal Fez the Peltast, an adept MiFi of Okawaru (Snake:2)
  7 quicksilver dragons
  A titan (Vaults:5)
  3 deep elf blademasters (Elf:3)
  34 acid blobs
  A deep elf master archer (Elf:3)
  11 death cobs
  Frances (Elf:1)
  18 ancient champions
  2 thorn hunters (Swamp:4)
  10 shadow dragons
  10 storm dragons
  Kirke (Snake:2)
  6 sphinxes
  9 tengu reavers
  7 draconian monks
  Donald (Orc:2)
  14 azure jellies
  5 revenants
  14 nagarajas
  10 fire giants
  9 deep elf sorcerers
  7 draconian knights
  21 vault wardens
  2 ghost moths
  A juggernaut zombie (Depths:4)
  3 iron dragons (Vaults:5)
  9 frost giants
  Aizul (Snake:1)
  An orc warlord (Vaults:5)
  A balrug (Depths:2)
  3 curse skulls
  12 draconian shifters
  7 ghouls
  9 draconian scorchers
  5 draconian stormcallers
  A spriggan defender (Depths:4)
  3 deep elf elementalists (Elf:3)
  17 ironheart preservers
  Louise (Snake:3)
  12 draconian annihilators
  2 reapers (Crypt:3)
  21 stone giants
  An entropy weaver (shapeshifter) (Vaults:5)
  An entropy weaver (Vaults:4)
  26 very ugly things
  2 caustic shrike skeletons (Depths:4)
  14 vampire knights
  16 bennus
  10 deep elf demonologists
  9 green draconians
  15 yellow draconians
  A juggernaut skeleton (Crypt:3)
  A dire elephant (Lair:6)
  12 purple draconians
  16 red draconians
  9 deep elf annihilators
  13 black draconians
  Snorg (D:14)
  An eidolon (Crypt:1)
  A minotaur (Gauntlet)
  6 spark wasps
  10 white draconians
  24 mummy priests
  13 ettins
  14 death oozes
  12 fire dragons
  13 deep elf death magi
  Josephine (Orc:2)
  10 yaktaur captains
  20 jiangshi
  Erolcha (Orc:2)
  15 ogre magi
  5 deep elf high priests
  11 great orbs of eyes
  2 quicksilver dragon skeletons
  15 ice dragons
  3 rakshasas
  2 ghost crabs
  4 spriggan air magi
  30 vault guards
  The ghost of DungeonDestroyer the Cleaver, a journeyman FoFi of Cheibriados (D:11)
  Harold (D:9)
  18 hydras
  22 anacondas
  12 naga warriors
  4 catoblepae
  48 two-headed ogres
  3 death knights
  A tengu warrior (Depths:2)
  6 deep troll shamans
  41 death scarabs
  A merfolk aquamancer (Crypt:1)
  10 centaur warriors
  24 dancing weapons
  14 alligators
  6 deep troll earth magi
  3 death yaks (Lair:6)
  6 spriggan berserkers
  A shock serpent (shapeshifter) (Elf:2)
  2 titan zombies
  3 shock serpents
  9 vampire magi
  15 naga sharpshooters
  16 spriggans
  7 soul eaters
  A titan skeleton (Crypt:2)
  3 sun demons
  A storm dragon zombie (Tomb:1)
  50 skeletal warriors
  19 deep elf knights
  4 salamander mystics
  An iron troll (Depths:5)
  3 shadow wraiths
  6 flayed ghosts
  7 hell knights
  2 spriggan druids (Swamp:4)
  2 unseen horrors
  A deep troll (shapeshifter) (Depths:5)
  2 golden dragon zombies (Depths:4)
  16 deep trolls
  13 phantasmal warriors
  5 glowing orange brains
  A wizard (Swamp:4)
  14 swamp dragons
  An anaconda skeleton (Crypt:3)
  22 ironbrand convokers
  An iron dragon zombie (Tomb:3)
  2 tengu zombies (Depths:4)
  15 naga ritualists
  15 necromancers
  5 lindwurms
  An obsidian statue (Crypt:3)
  21 deep elf archers
  4 orc knights
  3 golden dragon skeletons
  2 shadow dragon zombies (Depths:4)
  19 mana vipers
  3 wolf spiders
  3 orc sorcerers
  39 ugly things
  2 sphinx zombies (Depths:4)
  7 cyclopes
  8 shining eyes
  45 deep elf magi
  2 manticores (Lair:6)
  A sphinx skeleton (Crypt:2)
  3 frost giant zombies (Crypt:3)
  13 salamanders
  6 elephants (Lair:5)
  A centaur zombie (D:13)
  3 frost giant skeletons
  A dire elephant zombie (Crypt:1)
  41 black mambas
  14 guardian serpents (Snake:4)
  A stone giant skeleton (Tomb:3)
  21 naga magi
  23 moths of wrath
  2 human skeletons
  Joseph (D:7)
  A smoke demon (Depths:3)
  2 fire giant skeletons
  A torpor snail (Lair:6)
  An elephant slug zombie (Crypt:3)
  2 kobold demonologists (D:15)
  3 gargoyles
  17 vault sentinels
  14 spiny frogs
  2 elf skeletons (Depths:4)
  5 rime drakes
  A death yak zombie (Crypt:1)
  11 komodo dragons
  3 freezing wraiths
  A tormentor (Depths:3)
  A ghost moth simulacrum (Crypt:1)
  37 yaktaurs
  An efreet (Zot:1)
  47 guardian mummies
  An ice devil (Depths:3)
  A silent spectre (Crypt:1)
  4 tengu conjurers
  2 hydra zombies (Crypt:1)
  A hellwing (Depths:3)
  13 trolls
  A tyrant leech (shapeshifter) (Vaults:5)
  18 blink frogs
  4 polar bears
  A wolf spider simulacrum (Crypt:3)
  A harpy skeleton (Crypt:3)
  133 slime creatures
  2 hornets (shapeshifter)
  23 hornets
  An alligator zombie (Crypt:3)
  A hippogriff (shapeshifter) (Vaults:2)
  A raiju (shapeshifter) (Vaults:1)
  A stone giant simulacrum (Crypt:1)
  11 hippogriffs
  A fire dragon zombie (Crypt:3)
  A fire giant simulacrum (Crypt:1)
  15 tyrant leeches
  10 bog bodies
  A frost giant simulacrum (Vaults:3)
  2 ettin zombies
  8 water elementals
  15 flying skulls
  A vampire (D:13)
  10 shadows
  A centaur simulacrum (D:15)
  A fire dragon skeleton (Crypt:2)
  3 redbacks (Vaults:4)
  10 wraiths
  A spriggan (shapeshifter) (Vaults:3)
  A tarantella (shapeshifter) (Vaults:2)
  3 air elementals (Elf:3)
  A black mamba skeleton (Crypt:1)
  2 wyverns
  2 tyrant leech zombies
  25 yaks
  7 basilisks
  3 steam dragons
  A yak (shapeshifter) (Vaults:5)
  A human (Crypt:1)
  13 ushabtiu
  4 golden eyes (Slime:1)
  3 chaos spawn (Depths:1)
  A hog (shapeshifter) (Vaults:5)
  23 fire elementals
  2 hungry ghosts
  12 large abominations
  20 vampire mosquitoes
  35 nagas
  A warg (D:11)
  A hog (Snake:2)
  15 swamp worms
  8 insubstantial wisps
  2 human zombies
  A soldier ant (D:14)
  8 water moccasins
  3 small abominations (Depths:1)
  A hydra simulacrum (Crypt:1)
  8 porcupines
  6 acid dragons
  5 sky beasts
  17 orc warriors
  17 swamp drakes
  7 black bears
  9 eyes of draining
  An ettin simulacrum (Crypt:3)
  2 fire dragon simulacra
  3 ice beasts
  A black bear (shapeshifter) (Depths:2)
  A manticore zombie (Tomb:1)
  A hornet zombie (D:10)
  17 centaurs
  An ice dragon simulacrum (Crypt:1)
  2 necrophages (Crypt:2)
  4 phantoms
  9 boggarts
  41 ogres
  15 crocodiles
  A yaktaur zombie (Crypt:1)
  A hippogriff zombie (Crypt:1)
  15 bullfrogs
  4 elf zombies
  A hippogriff skeleton (Crypt:3)
  3 earth elementals
  A gnoll sergeant (D:5)
  A spiny frog simulacrum (Crypt:2)
  A polar bear zombie (Crypt:1)
  An elf simulacrum (Vaults:3)
  8 wights
  15 killer bees
  4 electric eels
  2 howler monkeys
  6 crimson imps
  3 bullfrog zombies
  2 quasits
  16 orc priests
  5 hounds
  3 jellies
  23 orc wizards
  A black bear zombie (Crypt:1)
  3 bullfrog skeletons
  Crazy Yiuf (D:3)
  A black bear skeleton (Crypt:1)
  4 centaur skeletons
  An iron imp (Orc:1)
  Jessica (D:3)
  Ijyb (D:4)
  5 iguanas
  10 worker ants
  10 hell rats
  A killer bee zombie (Crypt:3)
  A felid skeleton (Crypt:2)
  3 hound skeletons
  52 mummies
  2 worker ant zombies
  A howler monkey skeleton (D:5)
  8 gnolls
  11 adders
  A steam dragon skeleton (Crypt:1)
  11 shadow imps
  A white imp (Orc:1)
  An ooze (D:1)
  3 adder zombies
  An iguana zombie (Crypt:3)
  2 adder skeletons
  3 worms
  A barachi skeleton (Crypt:2)
  2 dart slugs
  4 leopard geckos
  90 orcs
  A bat skeleton (Crypt:2)
  6 giant cockroaches
  8 hobgoblins
  10 jackals
  3 quokkas
  A ball python (D:6)
  A ball python skeleton (Crypt:2)
  11 bats
  12 frilled lizards
  A giant cockroach zombie (Crypt:3)
  6 goblins
  A jackal skeleton (D:5)
  8 kobolds
  2 leopard gecko skeletons
  A quokka zombie (D:8)
  11 rats
  2 crawling corpses (Elf:3)
  5 fungi
  6 plants
2809 creatures vanquished.

Vanquished Creatures (collateral kills)
  An acid blob (Slime:5)
  A death ooze (Slime:5)
2 creatures vanquished.

Vanquished Creatures (others)
  2 sphinxes (Tomb:1)
  A draconian knight (Zot:2)
  A red draconian (Zot:1)
  6 two-headed ogres (Depths:1)
  A salamander (Snake:3)
  A moth of wrath (Zot:1)
  A black mamba (Snake:3)
  A guardian serpent (Snake:3)
  A large abomination (Depths:1)
  4 hogs (Snake:3)
  A naga (Snake:3)
  A hornet zombie (D:10)
  3 ogres (Depths:1)
  A boggart (Depths:1)
  2 centaurs (Depths:1)
  An orc (Orc:1)
  9 fungi
  19 plants
56 creatures vanquished.

Grand Total: 2867 creatures vanquished

Notes
Turn   | Place    | Note
-------+----------+-------------------------------------------
     0 | D:1      | Whomstve the Gargoyle Earth Elementalist began the quest
                  | for the Orb.
     0 | D:1      | Reached XP level 1. HP: 10/10 MP: 3/3
   236 | D:1      | Reached XP level 2. HP: 16/16 MP: 0/5
   556 | D:1      | Reached skill level 4 in Earth Magic
   691 | D:1      | Reached skill level 1 in Armour
   929 | D:1      | Reached XP level 3. HP: 14/20 MP: 3/6
  1182 | D:1      | Reached skill level 1 in Fighting
  1550 | D:2      | Reached XP level 4. HP: 12/25 MP: 8/8
  2027 | D:3      | Noticed Jessica
  2044 | D:3      | Killed Jessica
  2274 | D:3      | Reached XP level 5. HP: 21/29 MP: 9/9
  2420 | D:3      | Found a glowing golden altar of the Shining One.
  2456 | D:3      | Reached skill level 5 in Earth Magic
  2704 | D:3      | Found a runed translucent door.
  2705 | D:3      | Noticed Crazy Yiuf
  2714 | D:3      | Killed Crazy Yiuf
  2714 | D:3      | Reached XP level 6. HP: 28/35 MP: 11/11
  3187 | D:4      | Noticed a steam dragon
  3187 | D:4      | a worker ant changed into a steam dragon
  3189 | D:4      | Killed a steam dragon
  3189 | D:4      | Reached skill level 1 in Staves
  3189 | D:4      | Reached XP level 7. HP: 15/40 MP: 13/13
  3383 | D:4      | Noticed Ijyb
  3425 | D:4      | Killed Ijyb
  3425 | D:4      | Reached skill level 6 in Earth Magic
  3435 | D:4      | Learned a level 3 spell: Stone Arrow
  3619 | D:4      | Found a staircase to the Ecumenical Temple.
  3683 | Temple   | Entered the Ecumenical Temple
  3704 | Temple   | Became a worshipper of Vehumet
  4136 | D:5      | Entered Level 5 of the Dungeon
  4320 | D:5      | Learned a level 5 spell: Lee's Rapid Deconstruction
  4331 | D:5      | Reached XP level 8. HP: 35/46 MP: 15/15
  4483 | D:5      | Reached skill level 5 in Spellcasting
  4483 | D:5      | Reached skill level 7 in Earth Magic
  4785 | D:5      | Found a sacrificial altar of Ru.
  4785 | D:5      | Found a shadowy altar of Dithmenos.
  4785 | D:5      | Found a burning altar of Makhleb.
  4785 | D:5      | Found a hazy altar of Hepliaklqana.
  4785 | D:5      | Found a snail-covered altar of Cheibriados.
  4786 | D:5      | Found an iron altar of Okawaru.
  4787 | D:5      | Found a stormy altar of Qazlal.
  5781 | D:6      | Reached skill level 8 in Earth Magic
  5783 | D:6      | Reached XP level 9. HP: 52/52 MP: 17/17
  5820 | D:6      | Noticed a +0 hand axe
  5820 | D:6      | Noticed a +0 hand axe
  5823 | D:6      | Found a hide-covered altar of Uskayaw.
  6130 | D:6      | Reached * piety under Vehumet
  6130 | D:6      | Offered knowledge of Shock by Vehumet.
  6567 | D:7      | Reached skill level 5 in Fighting
  6567 | D:7      | Reached skill level 5 in Armour
  6616 | D:7      | Reached skill level 9 in Earth Magic
  6749 | D:7      | Found a shimmering blue altar of Sif Muna.
  6852 | D:7      | Found Tumiben's Assorted Antiques.
  6910 | D:7      | Noticed Joseph
  6931 | D:7      | Killed Joseph
  6980 | D:7      | Offered knowledge of Freeze by Vehumet.
  7166 | D:7      | Bought a curved smoking staff for 312 gold pieces
  7297 | D:8      | Reached XP level 10. HP: 28/59 MP: 20/20
  7549 | D:8      | Reached ** piety under Vehumet
  8056 | D:8      | Reached skill level 10 in Earth Magic
  8316 | D:8      | Offered knowledge of Conjure Flame by Vehumet.
  8343 | D:8      | Reached skill level 5 in Staves
  8824 | D:9      | Found a basalt altar of Yredelemnul.
  8833 | D:9      | Got an iridescent dagger
  8834 | D:9      | Identified the +12 dagger "Ratser" {vorpal, *Corrode Str+5}
                  | (You found it on level 9 of the Dungeon)
  8874 | D:9      | Noticed Harold
  8890 | D:9      | Killed Harold
  9593 | D:10     | Entered Level 10 of the Dungeon
  9620 | D:10     | Found Gatromog's Armour Shoppe.
  9636 | D:10     | Reached *** piety under Vehumet
  9658 | D:10     | Found Wuxzahuj's Distillery.
  9660 | D:10     | Found Wuheic's Distillery.
  9677 | D:10     | Noticed a two-headed ogre
  9679 | D:10     | Reached skill level 11 in Earth Magic
  9685 | D:10     | Killed a two-headed ogre
  9685 | D:10     | Reached XP level 11. HP: 50/66 MP: 23/23
  9707 | D:10     | Found Plog's Armour Shop.
  9775 | D:10     | Found Cujoq's Antique Weapon Shoppe.
  9872 | D:10     | Offered knowledge of Fulminant Prism by Vehumet.
 10119 | D:10     | Found a staircase to the Lair.
 10310 | D:11     | Noticed a cyan ugly thing
 10313 | D:11     | Noticed a two-headed ogre
 10322 | D:10     | Killed a cyan ugly thing
 10376 | D:10     | Killed a two-headed ogre
 10380 | D:10     | Reached **** piety under Vehumet
 10828 | D:11     | Reached skill level 12 in Earth Magic
 10839 | D:11     | Offered knowledge of Irradiate by Vehumet.
 11182 | D:11     | Found a runed translucent gate.
 11182 | D:11     | Found a runed translucent gate.
 11182 | D:11     | Found a runed translucent gate.
 11185 | D:11     | Noticed DungeonDestroyer's ghost (journeyman FoFi)
 11188 | D:11     | Identified the +10 rapier "Fosyuj" {flame, Stlth+}
 11188 | D:11     | Found a roughly hewn altar of Beogh.
 11346 | D:11     | Killed DungeonDestroyer's ghost
 11497 | D:12     | Noticed a cyclops
 11506 | D:12     | Killed a cyclops
 11541 | D:12     | Noticed a six-headed hydra
 11546 | D:12     | Killed a six-headed hydra
 11546 | D:12     | Reached XP level 12. HP: 63/73 MP: 25/25
 11793 | D:12     | Reached ***** piety under Vehumet
 11801 | D:12     | Offered knowledge of Freezing Cloud by Vehumet.
 11806 | D:12     | Reached skill level 10 in Spellcasting
 11861 | D:12     | Found a shimmering altar of Xom.
 12174 | D:12     | Found a roughly hewn altar of Beogh.
 12174 | D:12     | Found a staircase to the Orcish Mines.
 12539 | D:13     | Noticed a catoblepas
 12559 | D:13     | Killed a catoblepas
 12559 | D:13     | Reached skill level 13 in Earth Magic
 12852 | D:13     | Noticed a centaur warrior
 12868 | D:13     | Killed a centaur warrior
 13287 | D:13     | Found a gate to the Vaults.
 13784 | D:14     | Got a glimmering battleaxe
 13785 | D:14     | Identified the cursed +0 battleaxe of Wu Jian's Esteem
                  | {pain, +Fly rPois MR+++ Stlth-} (You found it on level 14
                  | of the Dungeon)
 13829 | D:14     | Reached XP level 13. HP: 79/79 MP: 27/27
 13835 | D:14     | Reached skill level 14 in Earth Magic
 13890 | D:14     | Reached skill level 10 in Armour
 13952 | D:14     | Found a hazy altar of Hepliaklqana.
 13996 | D:14     | Noticed Snorg
 14003 | D:14     | Killed Snorg
 14376 | D:14     | Found a glowing golden altar of the Shining One.
 14827 | D:15     | Entered Level 15 of the Dungeon
 15543 | D:15     | Found a staircase to the Depths.
 15781 | D:15     | Noticed a yaktaur captain
 15787 | D:15     | Killed a yaktaur captain
 16229 | Orc:1    | Entered Level 1 of the Orcish Mines
 16253 | Orc:1    | Offered knowledge of Iskenderun's Mystic Blast by Vehumet.
 16789 | Orc:1    | Reached skill level 15 in Earth Magic
 17122 | Orc:1    | Learned a level 2 spell: Blink
 17143 | Orc:2    | Entered Level 2 of the Orcish Mines
 17184 | Orc:2    | Found a staircase to the Elven Halls.
 17184 | Orc:2    | Noticed Erolcha
 17192 | Orc:2    | Killed Erolcha
 17244 | Orc:2    | Reached skill level 1 in Translocations
 17248 | Orc:2    | Noticed an ogre mage
 17252 | Orc:2    | Killed an ogre mage
 17252 | Orc:2    | Gained mutation: Your large and strong wings let you fly
                  | indefinitely. [Gargoyle growth]
 17252 | Orc:2    | Reached XP level 14. HP: 42/86 MP: 14/29
 17375 | Orc:2    | Noticed Josephine
 17378 | Orc:2    | Killed Josephine
 17479 | Orc:1    | Offered knowledge of Spellforged Servitor by Vehumet.
 17800 | Orc:2    | Reached skill level 10 in Fighting
 18030 | Orc:2    | Found Julougenn's Jewellery Emporium.
 18033 | Orc:2    | Found Zeniceot's Distillery.
 18037 | Orc:2    | Found Qeygruru's Distillery.
 18037 | Orc:2    | Found Torchoedd's Gadget Shop.
 18328 | Orc:2    | Noticed Donald
 18924 | Orc:2    | Killed Donald
 19129 | Orc:2    | Found Fiobar's Book Shoppe.
 19405 | D:10     | Bought +2 fire dragon scales for 936 gold pieces
 19426 | D:10     | Bought a potion of brilliance for 56 gold pieces
 19439 | D:10     | Bought a potion of brilliance for 64 gold pieces
 19521 | D:7      | Bought a scroll of blinking for 195 gold pieces
 19521 | D:7      | Bought a scroll labeled QUGAGU CEAN for 26 gold pieces
 19766 | Lair:1   | Entered Level 1 of the Lair of Beasts
 19994 | Lair:1   | Reached skill level 16 in Earth Magic
 20853 | Lair:2   | Found a gate leading to a gauntlet.
 20862 | Gauntlet | Entered a Gauntlet
 20862 | Gauntlet | Found a transporter.
 20862 | Gauntlet | Found a transporter.
 20862 | Gauntlet | Found a large runed translucent door.
 20862 | Gauntlet | Found a large runed translucent door.
 20862 | Gauntlet | Found a large runed translucent door.
 20862 | Gauntlet | Found a large runed translucent door.
 20862 | Gauntlet | Found a large runed translucent door.
 20862 | Gauntlet | Found a large runed translucent door.
 20862 | Gauntlet | Found a runed translucent door.
 20862 | Gauntlet | Found a runed translucent door.
 20862 | Gauntlet | Found a large runed translucent door.
 20862 | Gauntlet | Found a large runed translucent door.
 20862 | Gauntlet | Found a large runed translucent door.
 20862 | Gauntlet | Found a large runed translucent door.
 20862 | Gauntlet | Found a large runed translucent door.
 20862 | Gauntlet | Found a large runed translucent door.
 20866 | Gauntlet | Found a transporter.
 20868 | Gauntlet | Found a transporter.
 20873 | Gauntlet | Found a transporter.
 20891 | Gauntlet | Noticed a dire elephant
 20892 | Gauntlet | Found a transporter.
 20902 | Gauntlet | Found a transporter.
 20902 | Gauntlet | Found a transporter.
 20906 | Gauntlet | Found a transporter.
 20933 | Gauntlet | Found a transporter.
 20942 | Gauntlet | Found a transporter.
 20957 | Gauntlet | Found a large runed translucent door.
 20958 | Gauntlet | Found a large runed translucent door.
 20960 | Gauntlet | Found a runed translucent gate.
 20961 | Gauntlet | Found a runed translucent gate.
 20962 | Gauntlet | Found a runed translucent gate.
 20962 | Gauntlet | Found a transporter.
 20980 | Gauntlet | Found a large runed translucent door.
 20981 | Gauntlet | Found a large runed translucent door.
 21008 | Gauntlet | Found a transporter.
 21022 | Gauntlet | Found a transporter.
 21125 | Gauntlet | Found a transporter.
 21139 | Gauntlet | Found a transporter.
 21282 | Gauntlet | Got a steaming golden ring
 21284 | Gauntlet | Identified the ring of Compulsion {rF+ rN+ rCorr Int+4
                  | Stlth-} (You found it in a Gauntlet)
 21535 | Gauntlet | Got a pair of shimmering gloves
 21546 | Gauntlet | Identified the +1 pair of gloves of Eternity {Dex+3} (You
                  | found it in a Gauntlet)
 21826 | Lair:2   | Found a staircase to the Snake Pit.
 22003 | Lair:2   | Got a dull robe
 22010 | Lair:2   | Got a transparent tin ring
 22399 | Lair:2   | Identified the +1 robe "Weruggod" {Str+3} (You found it on
                  | level 2 of the Lair of Beasts)
 22400 | Lair:2   | Identified the ring of Vanity {rPois Str+6 Int+5 SInv} (You
                  | found it on level 2 of the Lair of Beasts)
 22540 | Lair:3   | Reached XP level 15. HP: 93/93 MP: 25/31
 22920 | Lair:3   | Offered knowledge of Orb of Destruction by Vehumet.
 23848 | Lair:4   | Found a staircase to the Swamp.
 25006 | Lair:5   | Got a polished chain mail
 25017 | Lair:5   | Identified the +1 chain mail of the Guilds {rElec MR+ SInv}
                  | (You found it on level 5 of the Lair of Beasts)
 25048 | Lair:5   | Got a flickering jade amulet
 25058 | Lair:5   | Identified the amulet of Cobanott {Faith rPois rN+ Str+3}
                  | (You found it on level 5 of the Lair of Beasts)
 25532 | Lair:6   | Entered Level 6 of the Lair of Beasts
 25825 | Lair:6   | Found a white marble altar of Elyvilon.
 26213 | Lair:6   | Reached skill level 17 in Earth Magic
 26515 | Lair:6   | Found a viscous altar of Jiyva.
 26515 | Lair:6   | Found a staircase to the Slime Pits.
 27769 | Snake:1  | Entered Level 1 of the Snake Pit
 27851 | Snake:1  | Reached skill level 10 in Staves
 27853 | Snake:1  | Reached XP level 16. HP: 100/100 MP: 25/33
 27871 | Snake:1  | Found Pyuto's Antique Weapon Emporium.
 28327 | Snake:1  | Noticed Aizul
 28349 | Snake:1  | Killed Aizul
 28580 | Snake:1  | Found a transporter.
 28728 | Snake:1  | Found a transporter.
 29184 | Snake:1  | Reached skill level 18 in Earth Magic
 29228 | Snake:1  | Got a crude marble ring
 29242 | Snake:1  | Got an ancient copper ring
 29251 | Snake:1  | Identified the ring of Spite {+Fly rC+ Int+3} (You found it
                  | on level 1 of the Snake Pit)
 29253 | Snake:1  | Identified the ring "Jyhumel" {rPois MR+ Str+4 Dex-2 SInv}
                  | (You found it on level 1 of the Snake Pit)
 29287 | Snake:1  | Learned a level 2 spell: Passwall
 29292 | Snake:1  | Learned a level 4 spell: Petrify
 29294 | Snake:1  | Learned a level 1 spell: Apportation
 29524 | Snake:1  | Offered knowledge of Iron Shot by Vehumet.
 29532 | Snake:1  | Learned a level 6 spell: Iron Shot
 29799 | Snake:2  | Noticed a nagaraja
 29856 | Snake:2  | Killed a nagaraja
 30094 | Snake:2  | Found a runed translucent door.
 30094 | Snake:2  | Found a shimmering altar of Xom.
 30094 | Snake:2  | Noticed Gygal Fez's ghost (adept MiFi)
 30094 | Snake:2  | Identified the cursed +1 quarterstaff "Nurhem" {chaos, MR++
                  | Dex+4}
 30893 | Snake:2  | Noticed a nagaraja
 30903 | Snake:2  | Killed a nagaraja
 30903 | Snake:2  | Reached XP level 17. HP: 98/106 MP: 33/35
 31807 | Snake:3  | Noticed Vashnia
 31829 | Snake:3  | Killed Vashnia
 31848 | Snake:3  | Noticed Louise
 31852 | Snake:4  | Entered Level 4 of the Snake Pit
 31852 | Snake:4  | Found Daigufot's Armour Shoppe.
 32389 | Snake:4  | Noticed Bai Suzhen
 32866 | Snake:3  | Noticed Kirke
 32868 | Snake:3  | HP: 5/108 [Bai Suzhen/torrent of water (31)]
 33353 | Orc:2    | Bought a book of the Tempests for 1050 gold pieces
 33377 | Orc:2    | Learned a level 9 spell: Shatter
 33430 | Elf:1    | Entered Level 1 of the Elven Halls
 33523 | Elf:1    | Reached skill level 19 in Earth Magic
 33532 | Elf:1    | Identified the Almanac of the Well-Known Xenophobes
 33637 | Elf:1    | Noticed Frances
 33646 | Elf:1    | Killed Frances
 33827 | Elf:1    | Reached skill level 15 in Spellcasting
 34162 | Elf:2    | Found a runed translucent gate.
 34162 | Elf:2    | Found a runed translucent gate.
 34163 | Elf:2    | Found a runed translucent gate.
 34200 | Elf:2    | Found Lilaps's Weapon Shoppe.
 34201 | Elf:2    | Found Lyrghuaph's Antique Weapon Shoppe.
 34201 | Elf:2    | Found Riorogu's Armour Emporium.
 34479 | Elf:2    | Bought 17 stones for 35 gold pieces
 34479 | Elf:2    | Bought 14 stones for 29 gold pieces
 34479 | Elf:2    | Found Vedotzun's General Store.
 34490 | Elf:2    | Bought a scroll of teleportation for 54 gold pieces
 34490 | Elf:2    | Bought a scroll of identify for 36 gold pieces
 34490 | Elf:2    | Bought a scroll of magic mapping for 63 gold pieces
 34490 | Elf:2    | Bought 21 stones for 37 gold pieces
 34493 | Elf:2    | Identified a scroll of acquirement
 34494 | Elf:2    | Acquired the +6 Majin-Bo {vamp, Archmagi MP+6 Int+6}
 34495 | Elf:2    | Found the +6 Majin-Bo {vamp, Archmagi MP+6 Int+6}
 35600 | Elf:2    | Reached XP level 18. HP: 72/113 MP: 32/37
 36237 | Elf:3    | Entered Level 3 of the Elven Halls
 36294 | Elf:3    | Offered knowledge of Bolt of Magma by Vehumet.
 36304 | Elf:3    | Learned a level 5 spell: Bolt of Magma
 36674 | Elf:3    | Reached skill level 1 in Conjurations
 36677 | Elf:3    | Reached skill level 1 in Fire Magic
 36824 | Elf:3    | Noticed a deep elf master archer
 36827 | Elf:3    | Killed a deep elf master archer
 36905 | Elf:3    | HP: 5/114 [the Majin-Bo (5)]
 37462 | Elf:3    | Noticed a deep elf blademaster
 37466 | Elf:3    | Killed a deep elf blademaster
 37471 | Elf:3    | Noticed a deep elf blademaster
 37478 | Elf:3    | Killed a deep elf blademaster
 37484 | Elf:3    | Noticed a Hell Sentinel
 38315 | Elf:3    | Identified the +9 lajatang of Ifayq {flame, *Contam +Inv
                  | rPois}
 38320 | Elf:3    | Reached skill level 20 in Earth Magic
 38332 | Elf:3    | Noticed a deep elf blademaster
 38337 | Elf:3    | Killed a deep elf blademaster
 38712 | Elf:3    | Identified the amulet of Xustraph {RegenMP Int+2}
 38714 | Elf:3    | Identified the +5 rapier of Cioseph {pain, rC+ rN+ SInv}
 38722 | Elf:3    | Identified the +8 longbow of the Enemy {vorpal, Int+5}
 38903 | Elf:3    | Reached skill level 5 in Conjurations
 38944 | Elf:3    | Reached XP level 19. HP: 96/120 MP: 38/38
 39221 | Elf:3    | Identified the +1 halberd of Xucs {elec, Int+7}
 39402 | Elf:3    | Identified Hamyice's Handbook of Icy Bewitchment
 39410 | Elf:3    | Identified the Disquisition on Cold
 39415 | Elf:3    | Got an encrusted fustibalus
 39416 | Elf:3    | Identified the +5 fustibalus "Apesaitz" {venom, Int+2
                  | Dex+2} (You found it on level 3 of the Elven Halls)
 39457 | Elf:3    | Got a pair of heavily runed boots
 39468 | Elf:3    | Identified the +1 pair of boots "Wuhicvui" {rN+ Dex+4} (You
                  | found it on level 3 of the Elven Halls)
 39554 | Elf:3    | Got a fading helmet
 39565 | Elf:3    | Identified the +1 helmet of Wigylasi {+Fly rF+} (You found
                  | it on level 3 of the Elven Halls)
 39675 | Elf:2    | Learned a level 1 spell: Summon Butterflies
 39798 | Orc:2    | Bought a potion of mutation for 120 gold pieces
 39808 | Orc:2    | Bought a potion of mutation for 144 gold pieces
 39808 | Orc:2    | Bought a potion of mutation for 144 gold pieces
 39818 | Orc:2    | Bought a potion of haste for 150 gold pieces
 39818 | Orc:2    | Bought a potion of haste for 150 gold pieces
 39818 | Orc:2    | Bought a potion of haste for 150 gold pieces
 39818 | Orc:2    | Bought a potion of cancellation for 120 gold pieces
 39818 | Orc:2    | Bought a potion of haste for 150 gold pieces
 40012 | Swamp:1  | Entered Level 1 of the Swamp
 40078 | Swamp:1  | Reached skill level 5 in Fire Magic
 40278 | Swamp:1  | Acquired the ring "Siux" {rN+ MR++ Str+5 Int+6 Slay+2}
 40435 | Swamp:1  | Reached skill level 1 in Summonings
 41681 | Swamp:2  | Reached ****** piety under Vehumet
 41941 | Swamp:2  | Offered knowledge of Chain Lightning by Vehumet.
 43812 | Swamp:4  | Entered Level 4 of the Swamp
 44570 | Swamp:4  | Got a decaying rune of Zot
 44708 | Swamp:4  | Offered knowledge of Lehudib's Crystal Spear by Vehumet.
 44708 | Swamp:4  | Offered knowledge of Fire Storm by Vehumet.
 44708 | Swamp:4  | Offered knowledge of Absolute Zero by Vehumet.
 44718 | Swamp:4  | Learned a level 8 spell: Lehudib's Crystal Spear
 45471 | Swamp:4  | Reached XP level 20. HP: 121/126 MP: 40/40
 45882 | Orc:2    | Bought a potion of heal wounds for 90 gold pieces
 45882 | Orc:2    | Bought a potion of heal wounds for 90 gold pieces
 45882 | Orc:2    | Bought a potion of heal wounds for 90 gold pieces
 45892 | Orc:2    | Bought a potion of heal wounds for 75 gold pieces
 46071 | Snake:2  | Killed Gygal Fez's ghost
 46300 | Snake:2  | Killed Kirke
 46309 | Snake:2  | Killed Bai Suzhen
 47260 | Snake:3  | Killed Louise
 48104 | Snake:3  | Found a shadowy altar of Dithmenos.
 48966 | Snake:4  | Reached skill level 21 in Earth Magic
 49110 | Snake:4  | Reached skill level 5 in Summonings
 50547 | Snake:4  | Reached skill level 15 in Armour
 50874 | Snake:4  | Got a serpentine rune of Zot
 51131 | Depths:1 | Entered Level 1 of the Depths
 51587 | Depths:1 | Reached XP level 21. HP: 113/132 MP: 32/42
 53204 | Depths:1 | Found a one-way gate to the infinite horrors of the Abyss.
 54848 | Depths:2 | Reached skill level 22 in Earth Magic
 55091 | Depths:2 | Found a gateway to Hell.
 55325 | Depths:3 | Noticed Sojobo
 55339 | Depths:3 | Killed Sojobo
 55339 | Depths:3 | Reached skill level 15 in Fighting
 56620 | Depths:3 | Noticed Mennas
 56637 | Depths:3 | Killed Mennas
 57021 | Depths:3 | Reached XP level 22. HP: 135/140 MP: 43/43
 57301 | Depths:3 | Found a one-way gate leading to the halls of Pandemonium.
 57834 | Depths:4 | Got a smelly scale mail
 57845 | Depths:4 | Identified the +6 scale mail "Milece Ruets" {MR+} (You
                  | found it on level 4 of the Depths)
 57921 | Depths:4 | Identified the ring "Umuh" {Int+4 Slay+4}
 57946 | Depths:4 | Reached skill level 10 in Conjurations
 58430 | Depths:4 | Identified the +8 shortbow of Qutyedgho {flame, rElec rC+
                  | MR- Dex+5}
 59180 | Depths:4 | Learned a level 5 spell: Borgnjor's Vile Clutch
 59581 | Depths:1 | Found Dijul's Jewellery Shoppe.
 59581 | Depths:1 | Found Nelerr's Gadget Boutique.
 59582 | Depths:1 | Found Zauwuq's Jewellery Shoppe.
 60088 | Orc:2    | Bought the ring "Puruc" {rC++ Stlth+} for 546 gold pieces
 60337 | Depths:4 | Reached skill level 1 in Shields
 60369 | Depths:4 | Found a gateway to a ziggurat.
 60421 | Depths:4 | You are sucked into a shaft and drop 1 floor!
 60421 | Depths:5 | Entered Level 5 of the Depths
 60685 | Depths:4 | Found a corrupted altar of Lugonu.
 60972 | Depths:4 | Reached skill level 1 in Necromancy
 61135 | Depths:4 | Found the +9 sword of Zonguldrok {reap}
 61152 | Depths:4 | Reached skill level 5 in Shields
 61152 | Depths:4 | Reached skill level 23 in Earth Magic
 61861 | Depths:5 | Reached XP level 23. HP: 145/145 MP: 41/45
 61933 | Depths:5 | Reached skill level 10 in Shields
 62225 | Depths:5 | Found a gate to the Realm of Zot.
 62226 | Depths:5 | Noticed a golden dragon
 62229 | Depths:5 | Noticed a golden dragon
 62230 | Depths:5 | Killed a golden dragon
 62234 | Depths:5 | Killed a golden dragon
 63543 | Slime:1  | Entered Level 1 of the Pits of Slime
 64976 | Slime:3  | Reached XP level 24. HP: 76/151 MP: 24/46
 64991 | Slime:3  | Gained mutation: Armour fits poorly on your strangely
                  | shaped body. [a shining eye]
 66537 | Slime:5  | Entered Level 5 of the Pits of Slime
 66544 | Slime:5  | Reached skill level 15 in Shields
 66544 | Slime:5  | Reached skill level 24 in Earth Magic
 66899 | Slime:5  | Gained mutation: You do not regenerate when monsters are
                  | visible. [a shining eye]
 66903 | Slime:5  | Gained mutation: Your spells are a little easier to cast,
                  | but a little less powerful. [a shining eye]
 66905 | Slime:5  | Lost mutation: Armour fits poorly on your strangely shaped
                  | body. [potion of mutation]
 66905 | Slime:5  | Lost mutation: Your spells are a little easier to cast, but
                  | a little less powerful. [potion of mutation]
 66905 | Slime:5  | Gained mutation: You are partially covered in icy blue
                  | scales. (AC +2) [potion of mutation]
 66905 | Slime:5  | Gained mutation: You expend magic power (3 MP) to
                  | strengthen your wands. [potion of mutation]
 66905 | Slime:5  | Gained mutation: Your muscles are strong. (Str +2) [potion
                  | of mutation]
 67460 | Slime:5  | Found a viscous altar of Jiyva.
 67472 | Slime:5  | Noticed the Royal Jelly
 67986 | Slime:5  | Killed the Royal Jelly
 68005 | Slime:5  | Identified the Grimoire of Excruciating Displacement
 68017 | Slime:5  | Got a smoking halberd
 68023 | Slime:5  | Identified the +7 halberd of Lequhuff {vorpal, rPois rF+
                  | rN+} (You found it on level 5 of the Pits of Slime)
 68026 | Slime:5  | Got a slimy rune of Zot
 68045 | Slime:5  | Got a diamond-studded ring mail
 68056 | Slime:5  | Identified the +9 ring mail "Cyluz" {*Corrode Dex+3 SInv}
                  | (You found it on level 5 of the Pits of Slime)
 68068 | Slime:5  | Identified Atorearo's Reference Book on the Quantum Rocks
 68100 | Slime:5  | Got a crude scimitar
 68104 | Slime:5  | Identified the +8 scimitar of the Desert {freeze, rElec
                  | Str+3} (You found it on level 5 of the Pits of Slime)
 68143 | Slime:5  | Got a shimmering spear
 68144 | Slime:5  | Identified the +9 spear of Gloom {vorpal, Str-5 Int+2 SInv}
                  | (You found it on level 5 of the Pits of Slime)
 68489 | Vaults:1 | Entered Level 1 of the Vaults
 69683 | Vaults:2 | You are sucked into a shaft and drop 2 floors!
 69685 | Vaults:4 | Found a flickering gateway to a bazaar.
 69686 | Vaults:4 | Found Adoacor's Weapon Boutique.
 69695 | Bazaar   | Entered a bazaar
 69697 | Bazaar   | Found Robiptur's Jewellery Emporium.
 69712 | Bazaar   | Found Neptikuwki's Antique Armour Boutique.
 69750 | Bazaar   | Found Heapp's Book Shoppe.
 69758 | Bazaar   | Found Xoashy Eheyrch's Magic Scroll Shop.
 69782 | Bazaar   | Bought a scroll of acquirement for 884 gold pieces
 69782 | Bazaar   | Bought a scroll of enchant armour for 127 gold pieces
 69991 | Vaults:3 | Reached XP level 25. HP: 157/157 MP: 32/46
 70200 | Vaults:2 | Found a snail-covered altar of Cheibriados.
 70700 | Vaults:2 | You are sucked into a shaft and drop 1 floor!
 71698 | Vaults:3 | Found a staircase to the Crypt.
 72347 | Vaults:4 | Found Ledurch's Jewellery Shoppe.
 72657 | Vaults:4 | Reached skill level 25 in Earth Magic
 73206 | Vaults:5 | Entered Level 5 of the Vaults
 73206 | Vaults:5 | Noticed Xtahua
 73206 | Vaults:5 | Noticed Margery
 73209 | Vaults:5 | Reached XP level 26. HP: 163/163 MP: 47/47
 73210 | Vaults:5 | Killed Margery
 73211 | Vaults:5 | Killed Xtahua
 73532 | Vaults:5 | Identified the amulet "Girch" {RegenMP MR+}
 73535 | Vaults:5 | Reached skill level 26 in Earth Magic
 73916 | Vaults:5 | Identified the cursed +0 hand axe of Veurom {antimagic, rF+
                  | MR+ Str+7}
 74077 | Vaults:5 | Got a pair of smoking gloves
 74207 | Vaults:5 | Identified the +0 pair of gloves "Joxousos" {Str+4 SInv}
                  | (You found it on level 5 of the Vaults)
 74306 | Vaults:5 | Identified the Collected Works on Attacks
 74359 | Vaults:5 | Identified the +10 plate armour of the Equinox {rF+ Str+2
                  | Dex-5 Slay+4}
 74470 | Vaults:5 | Reached XP level 27. HP: 168/168 MP: 40/47
 74679 | Vaults:5 | Identified the +4 trident of Valiance {drain, rPois}
 74909 | Vaults:5 | Got a silver rune of Zot
 75142 | Vaults:5 | Got a jasper-encrusted ring mail
 75157 | Vaults:5 | Identified the +3 ring mail "Amagg" {Int+4} (You found it
                  | on level 5 of the Vaults)
 75284 | Crypt:1  | Entered Level 1 of the Crypt
 75294 | Crypt:1  | Found a runed translucent gate.
 75296 | Crypt:1  | Found a runed translucent gate.
 75299 | Crypt:1  | Noticed Hiodipn's ghost (veteran GrEE)
 75303 | Crypt:1  | Noticed Kucw's ghost (adept GrFi)
 75370 | Crypt:1  | Found a runed translucent gate.
 76213 | Crypt:1  | Found a runed door.
 76526 | Crypt:1  | Killed Kucw's ghost
 76558 | Crypt:1  | Killed Hiodipn's ghost
 76713 | Crypt:1  | Noticed an ancient lich
 76714 | Crypt:1  | Noticed an ancient lich
 76719 | Crypt:1  | Killed an ancient lich
 76719 | Crypt:1  | Reached skill level 5 in Dodging
 76719 | Crypt:1  | Killed an ancient lich
 76721 | Crypt:1  | Found the +12 Vampire's Tooth {vamp}
 76756 | Crypt:1  | Got a twitching steel amulet
 76767 | Crypt:1  | Identified the Incunabulum of the Snowflakes and Hexes
 76806 | Crypt:1  | Identified the amulet of Isomumuv {Reflect rPois Int+2
                  | SH+5} (You found it on level 1 of the Crypt)
 76985 | Crypt:2  | Identified the +10 falchion "Trog's Scorn" {vorpal, Dex+2
                  | Stlth+}
 77293 | Crypt:2  | Got a translucent quick blade
 77294 | Crypt:2  | Identified the +4 quick blade of War {vamp, +Rage MR+
                  | Str+2} (You found it on level 2 of the Crypt)
 77885 | Crypt:3  | Entered Level 3 of the Crypt
 78469 | Crypt:3  | Found a runed translucent gate.
 78477 | Crypt:3  | Noticed Sagai's ghost (adept GrFi)
 78564 | Crypt:3  | Found a runed translucent gate.
 78564 | Crypt:3  | Found an opulent altar of Gozag.
 78564 | Crypt:3  | Found a runed translucent gate.
 78564 | Crypt:3  | Found Fuewo's Assorted Antiques.
 78586 | Crypt:3  | Killed Sagai's ghost
 78903 | Crypt:3  | Reached skill level 27 in Earth Magic
 79172 | Crypt:3  | Found an ancient bone altar of Kikubaaqudgha.
 79175 | Crypt:3  | Found a basalt altar of Yredelemnul.
 79186 | Crypt:3  | Got a heavily runed ring mail
 79197 | Crypt:3  | Identified the +4 ring mail "Buwieq" {rElec rC- Dex+3} (You
                  | found it on level 3 of the Crypt)
 79209 | Crypt:3  | Got a steaming turquoise ring
 79230 | Crypt:3  | Got a heavily runed bronze ring
 79230 | Crypt:3  | Got a wavering turquoise ring
 79230 | Crypt:3  | Got an ancient copper ring
 79262 | Crypt:3  | Identified the ring of Beogh's Displeasure {rF+ MR+ Dex+3
                  | Stlth-} (You found it on level 3 of the Crypt)
 79304 | Crypt:3  | Identified the ring of Ehinu {rElec rN+} (You found it on
                  | level 3 of the Crypt)
 79307 | Crypt:3  | Identified the ring "Gaunuim" {rN+ MR+ Dex+3 SInv} (You
                  | found it on level 3 of the Crypt)
 79310 | Crypt:3  | Identified the ring "Zeucaxed" {rPois rF+ rN+ Str+3 Int+4}
                  | (You found it on level 3 of the Crypt)
 79584 | Crypt:3  | Found a staircase to the Tomb.
 79678 | Tomb:1   | Entered Level 1 of the Tomb of the Ancients
 79894 | Tomb:1   | Reached skill level 10 in Fire Magic
 80239 | Tomb:1   | Noticed a greater mummy
 80248 | Tomb:1   | Killed a greater mummy
 80730 | Tomb:1   | Acquired the +2 pair of boots "Tibyshix" {Str+4 Dex+2 SInv}
 80734 | Tomb:1   | Acquired a +2 pair of boots of running
 80750 | Tomb:1   | Acquired 1210 gold pieces
 80752 | Tomb:1   | Acquired the +18 shield of the Gong {rElec rN+ MR+ EV-5}
 80753 | Tomb:1   | Found the +18 shield of the Gong {rElec rN+ MR+ EV-5}
 80754 | Tomb:1   | Acquired 5 rations
 80779 | Tomb:2   | Noticed a greater mummy
 80779 | Tomb:2   | Noticed a greater mummy
 80779 | Tomb:2   | Noticed a greater mummy
 80779 | Tomb:2   | Noticed a greater mummy
 80781 | Tomb:2   | Killed a greater mummy
 80782 | Tomb:2   | Killed a greater mummy
 80782 | Tomb:2   | Killed a greater mummy
 80782 | Tomb:2   | Killed a greater mummy
 81635 | Tomb:3   | Entered Level 3 of the Tomb of the Ancients
 81658 | Tomb:3   | Noticed a greater mummy
 81659 | Tomb:3   | Noticed a greater mummy
 81660 | Tomb:3   | Killed a greater mummy
 81663 | Tomb:3   | Noticed a greater mummy
 81663 | Tomb:3   | Noticed a greater mummy
 81664 | Tomb:3   | Killed a greater mummy
 81667 | Tomb:3   | Noticed a greater mummy
 81669 | Tomb:3   | Noticed a greater mummy
 81669 | Tomb:3   | Noticed an ancient lich
 81670 | Tomb:3   | Killed a greater mummy
 81671 | Tomb:3   | Killed a greater mummy
 81671 | Tomb:3   | Killed an ancient lich
 81671 | Tomb:3   | Killed a greater mummy
 81688 | Tomb:3   | Noticed a greater mummy
 81695 | Tomb:3   | Killed a greater mummy
 81720 | Tomb:3   | Killed a greater mummy
 81751 | Tomb:3   | Noticed an ancient lich
 81753 | Tomb:3   | Killed an ancient lich
 82094 | Tomb:3   | Found the +7 captain's cutlass {speed, disarm}
 82095 | Tomb:3   | Found the amulet of the Four Winds {rN+ MR+++ Clar}
 82111 | Tomb:3   | Identified the Collected Works on Fire and Boosts
 82160 | Tomb:3   | Got a heavily runed ivory amulet
 82406 | Tomb:3   | Got a golden rune of Zot
 82643 | Tomb:3   | Got a glimmering chain mail
 82678 | Tomb:3   | Identified the cursed +1 chain mail of Dimem {Str+6} (You
                  | found it on level 3 of the Tomb of the Ancients)
 82694 | Tomb:3   | Identified the amulet "Gyumogeg" {Reflect +Inv rPois MR+
                  | SH+5} (You found it on level 3 of the Tomb of the Ancients)
 82836 | Tomb:1   | Got a pair of glimmering gloves
 82847 | Tomb:1   | Identified the +1 pair of gloves "Sevvot" {MR+ Dex+5} (You
                  | found it on level 1 of the Tomb of the Ancients)
 83449 | Orc:2    | Bought 2 potions of curing for 90 gold pieces
 83460 | Orc:2    | Bought the amulet of Vitality {Regen+ HP+15} for 1027 gold
                  | pieces
 83460 | Orc:2    | Found the amulet of Vitality {Regen+ HP+15}
 83465 | Orc:2    | Bought a potion of curing for 54 gold pieces
 83465 | Orc:2    | Bought a potion of curing for 54 gold pieces
 83465 | Orc:2    | Bought a potion of curing for 54 gold pieces
 83465 | Orc:2    | Bought a potion of curing for 54 gold pieces
 83555 | D:10     | Bought a potion of curing for 48 gold pieces
 83555 | D:10     | Bought a potion of heal wounds for 80 gold pieces
 83555 | D:10     | Bought a potion of curing for 48 gold pieces
 83555 | D:10     | Bought a potion of heal wounds for 80 gold pieces
 83555 | D:10     | Bought a potion of curing for 48 gold pieces
 83555 | D:10     | Bought a potion of heal wounds for 80 gold pieces
 83568 | D:10     | Bought a potion of curing for 42 gold pieces
 83568 | D:10     | Bought a potion of ambrosia for 112 gold pieces
 83568 | D:10     | Bought a potion of heal wounds for 70 gold pieces
 83568 | D:10     | Bought a potion of ambrosia for 112 gold pieces
 83568 | D:10     | Bought a potion of ambrosia for 112 gold pieces
 83568 | D:10     | Bought a potion of heal wounds for 70 gold pieces
 83568 | D:10     | Bought 2 potions of ambrosia for 224 gold pieces
 83568 | D:10     | Bought a potion of curing for 42 gold pieces
 83850 | Crypt:3  | Bought a potion of curing for 138 gold pieces
 84271 | Depths:1 | Learned a level 8 spell: Ignition
 84279 | Depths:1 | Learned a level 3 spell: Gell's Gravitas
 84285 | Depths:1 | Learned a level 5 spell: Aura of Abjuration
 84313 | Depths:1 | Learned a level 4 spell: Animate Dead
 84460 | Zot:1    | Entered Level 1 of the Realm of Zot
 84464 | Zot:1    | Got a brightly glowing ivory ring
 84779 | Zot:1    | Lost mutation: Your muscles are strong. (Str +2) [mutagenic
                  | glow]
 84788 | Zot:1    | Noticed Flapstick's ghost (legendary HaBe)
 84820 | Zot:1    | Gained mutation: Scrolls take you a little longer to read.
                  | [mutagenic glow]
 84848 | Zot:1    | Gained mutation: You are dopey. (Int -2) [mutagenic glow]
 84978 | Zot:1    | Lost mutation: Scrolls take you a little longer to read.
                  | [potion of mutation]
 84978 | Zot:1    | Lost mutation: You expend magic power (3 MP) to strengthen
                  | your wands. [potion of mutation]
 84978 | Zot:1    | Gained mutation: You occasionally shout uncontrollably at
                  | your foes. [potion of mutation]
 84978 | Zot:1    | Gained mutation: Your magical capacity is low. (-10% MP)
                  | [potion of mutation]
 84978 | Zot:1    | Gained mutation: You tend to lose your temper in combat.
                  | [potion of mutation]
 84978 | Zot:1    | Gained mutation: You can translocate small distances at
                  | will. [potion of mutation]
 84979 | Zot:1    | Lost mutation: Your magical capacity is low. (-10% MP)
                  | [potion of mutation]
 84979 | Zot:1    | Lost mutation: You are dopey. (Int -2) [potion of mutation]
 84979 | Zot:1    | Lost mutation: You are partially covered in icy blue
                  | scales. (AC +2) [potion of mutation]
 84979 | Zot:1    | Lost mutation: You can translocate small distances at will.
                  | [potion of mutation]
 84979 | Zot:1    | Gained mutation: You are partially covered in icy blue
                  | scales. (AC +2) [potion of mutation]
 84979 | Zot:1    | Gained mutation: Your movements are slightly less
                  | encumbered by armour. (ER -2) [potion of mutation]
 84980 | Zot:1    | Lost mutation: You tend to lose your temper in combat.
                  | [potion of mutation]
 84980 | Zot:1    | Gained mutation: You can translocate small distances at
                  | will. [potion of mutation]
 84980 | Zot:1    | Gained mutation: Scrolls take you a little longer to read.
                  | [potion of mutation]
 84980 | Zot:1    | Gained mutation: You are covered in fur. (AC +1) [potion of
                  | mutation]
 85518 | Zot:1    | You are sucked into a shaft and drop 1 floor!
 85847 | Zot:1    | Got a transparent chain mail
 85858 | Zot:1    | Identified the +1 chain mail of Diypif {+Fly rC+ Int+3}
                  | (You found it on level 1 of the Realm of Zot)
 86084 | Zot:1    | Found a transporter.
 86099 | Zot:1    | Found a transporter.
 86410 | Zot:1    | Reached skill level 5 in Necromancy
 86583 | Zot:1    | Killed Flapstick's ghost
 86953 | Zot:1    | Got a vibrating tin ring
 86964 | Zot:1    | Identified the ring "Qetwen" {AC+4 Str-3 Dex-2 SInv Stlth+}
                  | (You found it on level 1 of the Realm of Zot)
 86967 | Zot:1    | Identified the ring "Agraiwno" {EV+4 Int+2 Dex+3 SInv} (You
                  | found it on level 1 of the Realm of Zot)
 87148 | Zot:2    | Reached skill level 10 in Dodging
 88197 | Zot:3    | Reached skill level 15 in Fire Magic
 91056 | Zot:5    | Entered Level 5 of the Realm of Zot
 91216 | Zot:5    | Noticed an orb of fire
 91225 | Zot:5    | Killed an orb of fire
 91228 | Zot:5    | Noticed an orb of fire
 91235 | Zot:5    | Gained mutation: You are clumsy. (Dex -2) [an orb of fire]
 91237 | Zot:5    | Gained mutation: You sometimes yell uncontrollably at your
                  | foes. [an orb of fire]
 91242 | Zot:5    | Noticed an ancient lich
 91286 | Zot:5    | HP: 3/179 [tentacled monstrosity (9)]
 91286 | Zot:5    | Killed from afar by a storm dragon

Illustrated notes

Levels and vault maps discovered:
D:1:      erik_arrival_blinker_ship, layout_loops_ring
D:2:      layout_rooms, first_ration, minmay_liquid_box
D:3:      layout_basic, old_standard_altar, grunt_decor_arrowhead,
          minmay_ruptured, uniq_crazy_yiuf_cottage, uniq_jessica
D:4:      layout_cave_pools, temple_pool_b, minmay_misc_feat_room,
          corexii_shack, grunt_ministairs_8, chequers_serial_rivers_micro_c,
          uniq_ijyb
D:5:      layout_gridville, grunt_temple_overflow_open, grunt_ministairs_1,
          patterned_corridor
D:6:      layout_basic, dancing_weapons_uskayaw
D:7:      layout_cave_pools, kennysheep_mini_moat, serial_shops,
          nicolae_shop_stone, uniq_joseph
D:8:      minmay_recursive_quarters, layout_basic
D:9:      layout_loops_cross, lemuel_doored_altar, uniq_harold
D:10:     layout_rooms, dpeg_oklobed_lair, serial_shops,
          nicolae_shop_window_shopping, shop_fountains,
          nicolae_shop_temple_entry_statues_fountains, shop,
          nicolae_shop_crystal, minivault_25
D:11:     layout_rooms, biasface_ghost_orc_armoury
D:12:     layout_loops_ring, david_orc_5, basic_altar
D:13:     layout_rooms, skrybe_vaults_entry_preservation
D:14:     layout_basic, lemuel_altar_in_water, hangedman_pestilent_swarm,
          tso_altar, uniq_snorg
D:15:     grunt_enter_depths_snipers, layout_irregular_city, minivault_19
Temple:   grunt_temple_mini_profane
Lair:1:   layout_gridlike, grunt_megastairs_4
Lair:2:   layout_cave_shapes, guppyfry_snake_entry_garden,
          gauntlet_entry_generic, nicolae_quartered_pool_medium, minivault_11,
          minivault_27, gammafunk_lair_bear_cave
Lair:3:   layout_concentric_octagons
Lair:4:   layout_cave_pods, skrybe_swamp_entry_bodies, serial_bayou_ford_a,
          grunt_megastairs_5
Lair:5:   layout_gridlike, chequers_serial_rivers_room_b
Lair:6:   hangedman_lair_in_review, layout_cave_pods, guppyfry_lair_end_dragon,
          slime_altar_1, basic_altar, serial_bayou, serial_bayou_crossing,
          serial_bayou_shore_b, serial_bayou_lagoon_a, serial_bayou_pond_e,
          serial_bayou_pond_e, st_stairs_13
Swamp:1:  layout_basic_swamp, evilmike_swamp_ruin_rubble_2, swamp_pool1
Swamp:2:  layout_basic_swamp, serial_swamp_ruin, evilmike_swamp_ruin_house_5,
          evilmike_swamp_ruin_house_1, evilmike_swamp_ruin_house_6
Swamp:3:  layout_basic_swamp, nicolae_swamp_trees_clearing, swamp_pool1
Swamp:4:  swamp_alternative, layout_basic_swamp, grunt_witch_cave
Snake:1:  gammafunk_its_a_trap, layout_basic, serial_shops, shop,
          grunt_ministairs_6, st_stairs_8, uniq_aizul
Snake:2:  layout_onion, ebering_ghost_xom, nicolae_snake_double_loop,
          guppyfry_library_mini
Snake:3:  layout_layer_cave, basic_altar, serial_bayou_shore_b, uniq_kirke,
          uniq_louise, uniq_vashnia
Snake:4:  grunt_snake_rune_serpentine_throne, layout_misc_corridors,
          serial_shops, nicolae_shop_waterfront, grunt_megastairs_2,
          uniq_bai_suzhen
Slime:1:  layout_caves
Slime:2:  layout_caves, nicolae_slime_barrier
Slime:3:  layout_caves
Slime:4:  layout_caves
Slime:5
Orc:1:    layout_diamond_mine, hangedman_minor_magic
Orc:2:    st_orc_open, layout_diamond_mine, serial_shops, shop, rock_pile,
          uniq_josephine, uniq_donald, uniq_erolcha
Elf:1:    elf_arrival_001, layout_geoelf_octagon, minmay_elf_necromancy,
          uniq_frances
Elf:2:    layout_gridlike, minmay_shoptagon
Elf:3:    nooodl_elf_gasket, layout_geoelf_octagon
Vaults:1: nicolae_vaults_little_squares_6, ontoclasm_vaults_pinch,
          hangedman_vaults_snaps, vaults_mumra_chevron,
          nicolae_vaults_sealed_display, nicolae_vaults_border_crossing,
          ontoclasm_vaults_gateway, nicolae_vaults_mini_display_case,
          grunt_vaults_funnel, layout_vaults_big_room
Vaults:2: nicolae_vaults_ninety_degrees, vaults_room_fancy_cross,
          vaults_room_door_hall, ontoclasm_vaults_idyll, v_misc_4,
          vaults_dpeg_diagonal, hangedman_vaults_stretched_pinwheel,
          ontoclasm_vaults_chip, layout_vaults_quadrants, basic_altar
Vaults:3: minmay_crypt_entry_nasty_monster, st_cross, vaults_mumra_hex,
          hangedman_vaults_variations, v_rooms_3, v_alt_pattern_6,
          ontoclasm_vaults_ligature, dpeg_vaults_monster_row,
          nicolae_vaults_network_quincunx
          [nicolae_vaults_network_quincunx_subvault,
          nicolae_vaults_network_quincunx_subvault,
          nicolae_vaults_network_quincunx_subvault,
          nicolae_vaults_network_quincunx_subvault,
          nicolae_vaults_network_quincunx_subvault], vaults_dpeg_spiral,
          nicolae_vaults_shelves_hall, vaults_dpeg_ring, layout_vaults_omnibox
Vaults:4: hangedman_vaults_trim, v_misc_16, nicolae_vaults_branching_niches,
          vaults_mumra_minichess_inversion, v_misc_22, vaults_room_fours,
          ontoclasm_vaults_tryst, vaults_room_fancy_cross,
          ontoclasm_vaults_decontamination, hangedman_vaults_trim,
          ontoclasm_vaults_chip, dpeg_vaults_monster_box, layout_vaults_ring,
          serial_shops, bzr_entry_water, nicolae_shop_trees, shop
Vaults:5: uniq_xtahua, uniq_margery
Crypt:1:  evilmike_wizard_prison, layout_rooms, gammafunk_ghost_cemetery,
          grunt_crypt_arrival_webbed, grunt_megastairs_3
Crypt:2:  layout_chaotic_city, minmay_guarded_unrand_vampires_tooth
Crypt:3:  lightli_unholy_cathedral, layout_chaotic_city,
          nicolae_tomb_entry_unfolded_pyramid_diagonal, ebering_ghost_gozag
Tomb:1
Tomb:2
Tomb:3
Depths:1: layout_honeycomb, minmay_room_of_horrors, hell_entry,
          kennysheep_path_1, lemuel_flames_and_gold, serial_bayou_shore_b,
          minmay_shop_grove
Depths:2: minmay_inner_zag, layout_cave_pools, lightli_too_deep,
          serial_sigils_hangedman_gut, hangedman_corner_corridor,
          minmay_staircase_statues
Depths:3: minmay_isolated_rectangles_in_corner, layout_gridlike, hell_entry,
          abyss_entry_small_statue_room, rand_demon_pan_entry_3,
          kennysheep_another_room, minmay_fountain_box, uniq_sojobo, uniq_mennas
Depths:4: minmay_the_grid_octo_tiled_squarecenter_mashed
          [minmay_the_grid_octo_toaster, minmay_the_grid_octo_odd_swirl,
          minmay_the_grid_octo_chip, minmay_the_grid_octo_horde,
          minmay_the_grid_square_5x5_megaprize_diamond,
          minmay_the_grid_square_5x5_z, minmay_the_grid_square_5x5_inner_v,
          minmay_the_grid_square_5x5_inverted_slash,
          minmay_the_grid_square_5x5_bite], layout_basic, enter_ziggurat_b,
          chequers_decorated_corner, pf_hell_entry_great_geh,
          abyss_entry_flame_altar, minmay_guarded_unrand_zonguldrok,
          infiniplex_staircase_spiral
Depths:5: grunt_zot_entry_funnels, layout_cave_pools, hell_entry,
          skrybe_limestone_x, minmay_misc_feat_encased
Zot:1:    lemuel_firehouse, layout_cathedral_of_symmetry, gammafunk_ghost_arena,
          grunt_ministairs_9
Zot:2:    layout_onion_interference, grunt_megastairs_1
Zot:3:    layout_misc_corridors, grunt_ministairs_13
Zot:4:    layout_cathedral_of_symmetry, st_stairs_13, zot_minivault_6
Zot:5:    layout_misc_corridors

Skill      XL: |  1  2  3  4  5  6  7  8  9 10 11 12 13 14 15 16 17 18 19 20 21 22 23 24 25 26 27 |
---------------+----------------------------------------------------------------------------------+-----
Earth Magic    | 4 5 6 8 9 11 12 13 15 16 17 18 19 20 21 22 23 24 25 26 27 | 27.0
Armour         | 1 2 3 4 5 7 8 9 10 11 12 13 14 15 18 | 18.1
Fighting       | 1 2 3 4 5 6 7 8 9 10 11 12 13 14 15 16 19 | 19.8
Spellcasting   | 3 4 5 7 8 9 10 11 12 13 14 15 16 17 18 19 20 22 | 22.2
Staves         | 1 2 3 4 5 6 7 8 9 10 11 12 | 12.0
Translocations | 1 2 3 |  3.0
Conjurations   | 5 6 8 9 10 | 10.4
Fire Magic     | 4 6 7 16 | 16.7
Summonings     | 3 6 7 8 9 |  9.0
Dodging        | 4 12 | 12.8
Shields        | 7 14 16 19 21 25 | 25.2
Necromancy     | 2 3 5 |  5.0
Stealth        | |  2.1
Transmutations | |  0.7

Action                   |  1- 3 |  4- 6 |  7- 9 | 10-12 | 13-15 | 16-18 | 19-21 | 22-24 | 25-27 || total
-------------------------+-------+-------+-------+-------+-------+-------+-------+-------+-------++-------
Melee: Mace              |    27 |       |       |       |       |       |       |       |       ||    27
       Dagger            |   122 |    29 |       |    28 |       |       |       |       |       ||   179
       Short sword       |    62 |    69 |       |       |       |       |       |       |       ||   131
       Quarterstaff      |       |    18 |   180 |   288 |   360 |   137 |   244 |       |       ||  1227
       Staff             |       |       |       |    45 |       |       |       |   208 |   885 ||  1138
Throw: Stone             |       |       |       |       |     1 |     1 |     1 |     1 |       ||     4
 Cast: Sandblast         |     7 |    30 |    89 |    95 |    92 |   154 |    22 |    31 |    93 ||   613
       Stone Arrow       |       |       |    28 |    96 |   183 |    78 |       |       |     1 ||   386
       Lee's Rapid Decon |       |       |       |    60 |   271 |   343 |   263 |   223 |   383 ||  1543
       Blink             |       |       |       |       |       |    16 |     2 |    12 |    15 ||    45
       Iron Shot         |       |       |       |       |       |    16 |     1 |    22 |   157 ||   196
       Bolt of Magma     |       |       |       |       |       |       |   347 |   166 |    38 ||   551
       Summon Butterflie |       |       |       |       |       |       |    11 |    36 |    11 ||    58
       Petrify           |       |       |       |       |       |       |     1 |     1 |     1 ||     3
       Lehudib's Crystal |       |       |       |       |       |       |     6 |    25 |    67 ||    98
       Shatter           |       |       |       |       |       |       |       |    28 |    80 ||   108
       Borgnjor's Vile C |       |       |       |       |       |       |       |    29 |   235 ||   264
       Gell's Gravitas   |       |       |       |       |       |       |       |       |     3 ||     3
 Abil: Fly               |       |       |       |       |     1 |       |       |     2 |       ||     3
       Stop Flying       |       |       |       |       |       |       |     1 |     1 |       ||     2
Evoke: Phantom mirror    |       |       |       |       |       |       |       |     1 |       ||     1
  Use: Scroll            |       |       |    14 |     5 |    18 |    16 |     4 |    10 |    22 ||    89
       Potion            |       |       |       |     1 |     1 |    13 |     2 |     2 |    27 ||    46
 Stab: Sleeping          |     2 |     1 |     1 |     3 |       |       |       |       |       ||     7
       Petrified         |       |       |     2 |       |       |       |       |       |       ||     2
       Paralysed         |       |       |       |     1 |     6 |       |       |       |       ||     7
       Distracted        |       |       |       |       |     1 |       |       |       |       ||     1
       Confused          |       |       |       |       |       |     1 |       |       |       ||     1
  Eat: Chunk             |     2 |     6 |     9 |    26 |    48 |    14 |    29 |    18 |    36 ||   188
       Ration            |       |       |     1 |     3 |     7 |    10 |     8 |    10 |    14 ||    53
Armor: Robe              |    18 |       |   102 |   131 |       |       |       |       |       ||   251
       Leather armour    |    63 |    47 |    21 |       |       |       |       |       |       ||   131
       Chain mail        |       |       |       |   188 |   216 |       |       |       |       ||   404
       Scale mail        |       |       |       |    28 |       |       |       |       |       ||    28
       Fire dragon scale |       |       |       |       |   233 |   444 |   326 |   235 |   525 ||  1763
Dodge: Dodged            |   160 |    56 |   144 |   214 |   214 |   188 |   160 |   133 |   214 ||  1483
Block: Buckler           |       |       |       |       |       |       |       |    85 |       ||    85
       Tower shield      |       |       |       |       |       |       |       |    49 |   556 ||   605
       Reflection        |       |       |       |       |       |       |       |    13 |    63 ||    76
       Kite shield       |       |       |       |       |       |       |       |       |   624 ||   624
